 Dungeon Crawl Stone Soup version 0.22-a0-614-g34fbaa0 (console) character file.

60 vegansnacktivist the Scratcher (level 3, -5/15 HPs)
             Began as a Felid Transmuter on July 19, 2018.
             Slain by a gnoll
             ... wielding a +0 whip
              (6 damage)
             ... on level 3 of the Dungeon.
             The game lasted 00:02:57 (2792 turns).

vegansnacktivist the Scratcher (Felid Transmuter)   Turns: 2792, Time: 00:02:57

Health: -5/15      AC:  1    Str:  7    XL:     3   Next: 80%
Magic:  7/7        EV: 22    Int: 14    God:
Gold:   122        SH:  0    Dex: 16    Spells: 5/6 levels left
                                        Lives:  0   Deaths: 1

rFire    . . .     SeeInvis +     - Unarmed
rCold    . . .     Gourm    .   (shield unavailable)
rNeg     . . .     Faith    .   (armour unavailable)
rPois    .         Spirit   .   (helmet unavailable)
rElec    .         Reflect  .   (cloak unavailable)
rCorr    .         Harm     .   (gloves unavailable)
MR       .....                  (boots unavailable)
Stlth    +++.......             (no amulet)
HPRegen  0.05/turn              k - +3 ring of evasion
MPRegen  0.10/turn              (no ring)

@: quick
A: very small, no armour, no weapons or thrown items, stealth, claws 1, fangs 3,
see invisible, carnivore, speed 1, shaggy fur 1, slow metabolism 1, sharp paws
a: no special abilities


You were on level 3 of the Dungeon.
You were not hungry.

You visited 1 branch of the dungeon, and saw 3 of its levels.

You collected 122 gold pieces.

Inventory:

Jewellery
 k - a +3 ring of evasion (left paw)
Scrolls
 a - 3 scrolls of remove curse {unknown}
 b - 4 scrolls of identify {unknown}
 d - 5 scrolls of enchant armour {unknown}
 g - a scroll of fear {unknown}
 h - a scroll of enchant weapon {unknown}
 i - a scroll of amnesia {unknown}
 j - a scroll of magic mapping {unknown}
Potions
 e - a potion of mutation {unknown}
 f - 2 potions of heal wounds {unknown}
Comestibles
 c - 5 rations


   Skills:
 - Level 1.0 Fighting
 - Level 4.0 Dodging
 * Level 3.7 Stealth
 - Level 4.2 Unarmed Combat
 - Level 2.0 Spellcasting
 - Level 2.1 Transmutations


You had 5 spell levels left.
You knew the following spells:

 Your Spells              Type           Power        Failure   Level  Hunger
a - Beastly Appendage     Tmut           #.....       10%         1    ##.....

Your spell library contained the following spells:

 Spells                   Type           Power        Failure   Level  Hunger
 Confuse                  Hex            #.......     56%         3    ####...
 Spider Form              Tmut/Pois      #.........   41%         3    ####...
 Blade Hands              Tmut           #.........   95%         5    ######.
 Ice Form                 Ice/Tmut       #.......     83%         4    #####..
 Confusing Touch          Hex            #.....       24%         1    ##.....
 Sticks to Snakes         Tmut           #.......     14%         2    ###....
 Metabolic Englaciation   Hex/Ice        #.........   100%        5    ######.
 Petrify                  Tmut/Erth      #.......     83%         4    #####..
 Gell's Gravitas          Tloc           #.........   56%         3    ####...
 Yara's Violent Unravell  Hex/Tmut       #.........   99%         5    ######.


Dungeon Overview and Level Annotations

Branches:
Dungeon (3/15)

Altars:


Innate Abilities, Weirdness & Mutations

You cannot wear armour.
You are incapable of wielding weapons or throwing items.
Your paws allow you to move quietly. (Stealth)
You have sharp claws.
You have razor-sharp teeth.
You have supernaturally acute eyesight. (SInv)
You are carnivorous and can eat meat at any time.
You cover ground quickly.
You are covered in fur. (AC +1)
You have a slow metabolism.
Your sharp claws are effective at attacking unaware monsters.


Message History

You scratch the gnoll.
The gnoll is severely wounded.
The gnoll hits you with a whip.
You closely miss the gnoll.
The gnoll is severely wounded.
The gnoll misses you.
You scratch the gnoll but do no damage.
The gnoll is severely wounded.
The gnoll barely misses you.
You scratch the gnoll but do no damage.
The gnoll is severely wounded.
You barely miss the gnoll.
The gnoll is severely wounded.
The gnoll hits you with a whip.
You are too injured to fight recklessly!
You are too injured to fight recklessly!
The gnoll hits you with a whip.
* * * LOW HITPOINT WARNING * * *
The gnoll hits you with a whip.
You die...

g##+##### #g......#
#†......# #.......#
#.......+ +... #.......#
#... #####.......# #...
#.g.........# #...
#######@########### #...
#........###### #...
#...#[...##...#######...
#.#####.................
#...............(....##.
#...#...#............##.
#.#.....#...............
#...#.#.##.#............
##..)....#...#†..........


You could see a gnoll.

Vanquished Creatures
  Terence (D:2)
  3 adders (D:2)
  2 gnolls (D:3)
  2 worms (D:2)
  A leopard gecko (D:1)
  A ball python (D:2)
  5 bats
  3 giant cockroaches
  8 goblins
  8 hobgoblins
  3 frilled lizards
  6 kobolds
  5 rats
48 creatures vanquished.

Notes
Turn   | Place    | Note
-------+----------+-------------------------------------------
     0 | D:1      | vegansnacktivist the Felid Transmuter began the quest for the Orb.
     0 | D:1      | Reached XP level 1. HP: 9/9 MP: 4/4
    81 | D:1      | Reached XP level 2. HP: 5/12 MP: 6/6
   290 | D:1      | Reached skill level 1 in Stealth
  1022 | D:2      | Reached XP level 3. HP: 15/15 MP: 7/7
  1766 | D:2      | Reached XP level 4. HP: 7/19 MP: 8/8
  2296 | D:2      | Noticed Terence
  2317 | D:2      | Killed Terence
  2774 | D:3      | Slain by a gnoll
  2775 | D:3      | Reached XP level 3. HP: 0/15 MP: 7/7
  2792 | D:3      | Slain by a gnoll

Vault maps used:
D:1:      lightli_arrival_windingriver
D:2:      first_ration, dk_noncrumbling_3, minivault_19, st_stairs_8,
          kennysheep_boxes, uniq_terence
D:3:      hangedman_decor_lopped

Skill      XL: |  1  2  3  4 |
---------------+-------------+-----
Dodging        | 3 4 |  4.0
Stealth        | 1 2 3 |  3.7
Unarmed Combat | 4 |  4.2
Fighting       | |  1.0
Spellcasting   | |  2.0
Transmutations | |  2.1

Action                   |  1- 3 |  4- 6 || total
-------------------------+-------+-------++-------
Melee: Unarmed           |   106 |    65 ||   171
       Bite              |     3 |     7 ||    10
       Punch             |     2 |     1 ||     3
 Stab: Sleeping          |    11 |     3 ||    14
       Distracted        |     2 |       ||     2
  Eat: Chunk             |     2 |     3 ||     5
Armor: Skin              |     3 |     4 ||     7
Dodge: Dodged            |    73 |    43 ||   116

Table legend:
 A = Spawn XP
 B = Non-spawn XP
 C = Spawn XP percentage of total XP
 D = Spawn monster count
 E = Non-spawn monster count
 F = Spawn count percentage of total count
 G = Total turns spent on level
                    A         B        C        D         E        F      G
               +---------+---------+-------+---------+---------+-------+---------
         Total |       0 |     178 |   0.0 |       0 |      48 |   0.0 |  2792
               +---------+---------+-------+---------+---------+-------+---------
           D:1 |       0 |      37 |   0.0 |       0 |      22 |   0.0 |   936
           D:2 |       0 |     103 |   0.0 |       0 |      17 |   0.0 |  1556
           D:3 |       0 |      38 |   0.0 |       0 |       9 |   0.0 |   300
               +---------+---------+-------+---------+---------+-------+---------
